 Dungeon Crawl Stone Soup version 0.28-a0-10-g964c8b829e (webtiles) character file.

Game seed: 16183043561124314023

69 ezpacito the Skirmisher (level 4, 35/35 HPs)
             Began as a Demonspawn Abyssal Knight on July 25, 2021.
             Was a Believer of Lugonu.
             Quit the game on level 2 of the Dungeon.
             The game lasted 00:02:12 (2345 turns).

ezpacito the Skirmisher (Demonspawn Abyssal Knight) Turns: 2345, Time: 00:02:13

Health: 35/35      AC:  2    Str: 13    XL:     4   Next: 2%
Magic:  6/6        EV: 27    Int: 13    God:    Lugonu [**....]
Gold:   107        SH:  4    Dex: 13    Spells: 4/4 levels left

rFire   + . .      SeeInvis .   a - +1 hand axe
rCold   + . .      Faith    .   (no shield)
rNeg    . . .      Spirit   .   d - +0 robe {rC+ rF+}
rPois   .          Reflect  .   (no helmet)
rElec   .          Harm     .   (no cloak)
rCorr   .          Rampage  .   (no gloves)
Will    .....                   (no boots)
Stlth   +.........              g - amulet of the acrobat
HPRegen 0.11/turn               (no ring)
MPRegen 0.10/turn               (no ring)

@: acrobatic
A: hooves 1, foul stench 1, condensation shield
a: Renounce Religion, Depart the Abyss, Bend Space


You were on level 2 of the Dungeon.
You worshipped Lugonu.
Lugonu was pleased with you.
You visited 1 branch of the dungeon, and saw 2 of its levels.
You visited the Abyss 1 time.

You collected 107 gold pieces.

Inventory:

Hand Weapons
 a - a +1 hand axe (weapon)
Missiles
 e - 70 stones
Armour
 b - a +0 leather armour
 d - a +0 robe of resistance (worn)
 j - a +0 ring mail
Jewellery
 g - an amulet of the acrobat (around neck)
Scrolls
 c - a scroll of magic mapping {unknown}
 f - 2 scrolls of teleportation {unknown}
 h - a scroll of brand weapon {unknown}
 i - 2 scrolls of blinking {unknown}
Potions
 k - a potion of curing {unknown}


   Skills:
 + Level 3.2 Fighting
 * Level 2.7 Axes
 + Level 2.2 Armour
 + Level 1.3 Dodging
 + Level 0.2 Unarmed Combat
 + Level 0.9 Spellcasting
 + Level 3.0 Invocations


You had 4 spell levels left.
You didn't know any spells.
Your spell library was empty.

Dungeon Overview and Level Annotations

Branches:
Dungeon (2/15)

Altars:
Trog


Innate Abilities, Weirdness & Mutations

You have large cloven feet.
You may rarely emit foul miasma when damaged in melee.
A meltable shield of frost defends you. (SH +4)


Message History

The bat misses you. The bat closely misses you.
You hit the bat.
The bat is moderately wounded.
The bat closely misses you. The bat completely misses you.
You hit the bat.
You kill the bat!
Lugonu accepts your kill.
No target in view!
No target in view!
No target in view!
No target in view!
No target in view!
No target in view!
No target in view!
No target in view!
No target in view!
No target in view!
No target in view!
No target in view!
No target in view!
No target in view!
No target in view!
Key pressed, stopping explore.
Found an escape hatch in the ceiling.
Key pressed, stopping explore.
No target in view!
No target in view!
No target in view!
No target in view!
No target in view!
No target in view!
No target in view!
No target in view!
No target in view!
No target in view!
No target in view!
No target in view!
No target in view!
Are you sure you want to abandon this character and quit the game? (Confirm with "yes".)

#.#....# # #.####.#
#.#....# #####
#####+###...##.# #....
#........).....# #....
#.......######## #....
#.......# #....
#.......# #######....
#....@..# #....###...
#.......# #....# #...
#.......# #....# #...
###.......####....# #...
#............#....# #...
#............#....# #...
#<...........#....###...
#............#....#.+...
#............#....#.#...


There were no monsters in sight!

Vanquished Creatures
  A gnoll (D:1)
  2 dart slugs
  3 bats
  4 endoplasms
  4 giant cockroaches
  7 goblins
  5 hobgoblins
  5 jackals
  7 kobolds
  5 ball pythons
  5 rats
48 creatures vanquished.

Notes
Turn   | Place    | Note
-------+----------+-------------------------------------------
     0 | Abyss:1  | ezpacito the Demonspawn Abyssal Knight began the quest for
                  | the Orb.
     0 | Abyss:1  | Reached XP level 1. HP: 18/18 MP: 2/2
    59 | Abyss:1  | Noticed a bone dragon
    60 | Abyss:1  | Noticed a large abomination
    70 | D:1      | Escaped the Abyss
   151 | D:1      | Reached skill level 1 in Dodging
   294 | D:1      | Gained mutation: You may rarely emit foul miasma when
                  | damaged in melee. [demonic ancestry]
   294 | D:1      | Reached XP level 2. HP: 24/24 MP: 3/3
   746 | D:1      | Reached * piety under Lugonu
   919 | D:1      | Found a faded altar of an unknown god.
  1154 | D:1      | Gained mutation: You have large cloven feet. [demonic
                  | ancestry]
  1154 | D:1      | Reached XP level 3. HP: 24/29 MP: 5/5
  2132 | D:2      | Found a bloodstained altar of Trog.
  2225 | D:2      | Reached ** piety under Lugonu
  2229 | D:2      | Gained mutation: A meltable shield of frost defends you.
                  | (SH +4) [demonic ancestry]
  2229 | D:2      | Reached XP level 4. HP: 35/35 MP: 6/6
  2345 | D:2      | Quit the game

Illustrated notes

Levels and vault maps discovered:
D:1:      lightli_arrival_farm, layout_basic, basic_ecumenical_altar
D:2:      minmay_alternating_diamond, layout_basic, basic_altar

Skill      XL: |  1  2  3 |
---------------+----------+-----
Dodging        | 1 |  1.3
Axes           | 2 |  2.7
Armour         | 2 |  2.2
Invocations    | 3 |  3.0
Fighting       | |  3.2
Unarmed Combat | |  0.2
Spellcasting   | |  0.9

Action                   |  1- 3 |  4- 6 || total
-------------------------+-------+-------++-------
Melee: Hand axe          |   125 |     3 ||   128
       Kick              |    11 |       ||    11
Invok: Depart the Abyss  |     1 |       ||     1
Armor: Leather armour    |    11 |       ||    11
       Robe              |    26 |       ||    26
Dodge: Dodged            |    80 |     6 ||    86

Table legend: (Time is in decaauts)
 A = Elapsed time spent in this place.
 B = Non-inter-level travel time spent in this place.
 C = Inter-level travel time spent in this place.
 D = Time resting spent in this place.
 E = Time spent auto-exploring this place.
 F = Levels seen in this place.
 G = Mean time per level.
                   A        B        C        D        E       F      G
               +--------+--------+--------+--------+--------+-----+--------+
         Total |   2391 |   2301 |     90 |    154 |   1817 |   3 |  797.0 |
       Dungeon |   2321 |   2231 |     90 |    154 |   1758 |   2 | 1160.5 |
         Abyss |     70 |     70 |      0 |      0 |     59 |   1 |   70.0 |
               +--------+--------+--------+--------+--------+-----+--------+

Top non-repeatable levels by time:
     D:1: 1718 daAuts
     D:2: 603 daAuts
 Abyss:1: 70 daAuts
